 Dungeon Crawl Stone Soup version 0.31-a0-516-gfcb5981 (webtiles) character file.

Game seed: 3738239423210852508

1507573 yakattack the Slayer (level 27, 209/209 HPs)
             Began as a Djinni Hedge Wizard on Aug 8, 2023.
             Was a High Priest of Elyvilon.
             Escaped with the Orb
             ... and 3 runes on Aug 10, 2023!
             The game lasted 03:08:34 (83403 turns).

yakattack the Slayer (Djinni Hedge Wizard)         Turns: 83403, Time: 03:08:35

Health: 209/209    AC: 30    Str: 16    XL:     27
Gold:   3927       EV: 15    Int: 25    God:    Elyvilon [*****.] SH: 11 Dex: 14

rFire   + + +        y - staff of cold
rCold   + . .        u - +1 kite shield {rC+}
rNeg    . . .        c - +6 scale mail "Zuomojarph" {rF+ rC+ Str+3}
rPois   ∞            F - +2 helmet
rElec   .            a - +2 cloak
rCorr   .            V - +3 pair of gloves "Yvokid" {rF+ Slay+2}
SInv    .            (boots unavailable)
Will    +++..        b - amulet of regeneration Stlth
                     L - ring of willpower
HPRegen 1.34/turn    J - +4 ring of slaying
MPRegen 0.00/turn

%: clarity
@: flying, studying 3 skills
A: sickness immunity, fire resistance 2, cold vulnerability 2, float, innate
caster, HP casting, extra vitality 1, iridescent scales 1, clarity, inability to
drink after injury 1
0: Orb of Zot
}: 3/15 runes: decaying, serpentine, silver
a: Renounce Religion, Purification, Heal Other, Heal Self, Divine Vigour


You escaped.
You worshipped Elyvilon.
Elyvilon was extremely pleased with you.
You visited 10 branches of the dungeon, and saw 48 of its levels.
You also visited: Trove and Ice Cave.

You collected 8056 gold pieces.
You spent 4129 gold pieces at shops.

Inventory:

Hand Weapons
 m - the +2 flail "Evyarrosch" {heavy, rF+ Will+ Int+2 SInv}
   (You took it off a deep elf pyromancer on level 3 of the Elven Halls)

   Int+2:     It affects your intelligence (+2).
   rF+:       It protects you from fire.
   Will+:     It increases your willpower.
   SInv:      It lets you see invisible.
 x - a +9 double sword of freezing
 z - the +7 Spriggan's Knife {stab, EV+4 Stlth+}
   (You found it on level 5 of the Lair of Beasts)

   Stab:      It is more effective when stabbing unaware enemies, sometimes
   treating them as though they were completely helpless.
   EV+4:      It affects your evasion (+4).
   Stlth+:    It makes you more stealthy.
Missiles
 e - 355 stones {+f}
 t - 60 poisoned darts (quivered)
 E - 5 throwing nets
Armour
 a - a +2 cloak (worn)
 c - the +6 scale mail "Zuomojarph" (worn) {rF+ rC+ Str+3}
   (You bought it in a shop on level 6 of the Dungeon)

   Str+3:     It affects your strength (+3).
   rF+:       It protects you from fire.
   rC+:       It protects you from cold.
 n - the +0 pair of gloves of the Prince of Darkness {Rampage Fly Dex-2 Slay+5}
   (You bought it in a shop on level 2 of the Depths)

   Dex-2:     It affects your dexterity (-2).
   Slay+5:    It affects your accuracy & damage with ranged weapons and melee
   (+5).
   Fly:       It grants you flight.
   Rampage:   It bestows one free step when moving towards enemies.
 u - a +1 kite shield of cold resistance (worn)
 F - a +2 helmet (worn)
 U - a +1 kite shield of protection
 V - the +3 pair of gloves "Yvokid" (worn) {rF+ Slay+2}
   (You found it on level 5 of the Vaults)

   Slay+2:    It affects your accuracy & damage with ranged weapons and melee
   (+2).
   rF+:       It protects you from fire.
Magical Staves
 s - a staff of air
 y - a staff of cold (weapon)
Jewellery
 b - an amulet of regeneration (around neck)
 I - the ring "Fieloas" {Wiz Int+7}
   (You bought it in a shop on level 2 of the Orcish Mines)

   [ring of wizardry]

   Wiz:       It improves your spell success rate.
   Int+7:     It affects your intelligence (+7).
 J - a +4 ring of slaying (right hand)
 L - a ring of willpower (left hand)
Wands
 f - a wand of iceblast (57)
 k - a wand of mindburst (30)
 v - a wand of digging (2)
 w - a wand of quicksilver (29)
 P - a wand of charming (54)
 X - a wand of polymorph (23)
Scrolls
 j - 10 scrolls of blinking
 r - 2 scrolls of enchant armour
 A - 9 scrolls of teleportation
 C - 16 scrolls of fear
 D - 5 scrolls of butterflies
 H - a scroll of silence
 Q - 10 scrolls of immolation
 R - 6 scrolls of vulnerability
 S - 7 scrolls of poison
 Z - 7 scrolls of fog
Potions
 g - 6 potions of haste
 i - 3 potions of lignification
 l - 10 potions of mutation
 p - 14 potions of curing
 q - 7 potions of enlightenment
 B - 5 potions of invisibility
 G - 6 potions of brilliance
 M - 3 potions of resistance
 N - 5 potions of ambrosia
 O - 10 potions of heal wounds
 T - 3 potions of attraction
 W - 4 potions of might
 Y - 3 potions of cancellation
Miscellaneous
 d - a phantom mirror
 h - a box of beasts
 K - a tin of tremorstones (2/2) {+f}


   Skills:
 - Level 21.2 Fighting
 - Level 16.0 Long Blades
 - Level 15.8 Armour
 - Level 15.0 Dodging
 - Level 1.5 Stealth
 - Level 8.0 Shields
 - Level 18.4 Spellcasting
 - Level 18.4 Conjurations
 - Level 18.4 Hexes
 - Level 18.4 Summonings
 - Level 18.4 Necromancy
 - Level 18.4 Translocations
 - Level 18.4 Transmutations
 - Level 18.4 Fire Magic
 - Level 20.7 Ice Magic
 - Level 18.4 Air Magic
 - Level 18.4 Earth Magic
 - Level 18.4 Poison Magic
 + Level 17.8 Invocations
 - Level 19.0 Evocations


You knew the following spells:

 Your Spells              Type           Power      Damage    Failure   Level
a - Olgreb's Toxic Radia  Pois           86%        N/A       1%          4
d - Freezing Cloud        Conj/Ice/Air   54%        6-21      1%          5
q - Monstrous Menagerie   Summ           43%        N/A       4%          7
s - Mephitic Cloud        Conj/Pois/Air  86%        N/A       1%          3
v - Ozocubu's Refrigerat  Ice            56%        4d20      1%          7
w - Stone Arrow           Conj/Erth      100%       3d13      1%          3
D - Cause Fear            Hex            43%        N/A       1%          4
H - Chain Lightning       Conj/Air       43%        3d57      99%         9
I - Dispersal             Tloc           43%        N/A       1%          6
K - Death's Door          Necr           43%        N/A       99%         9
L - Call Imp              Summ           100%       N/A       0%          2
O - Momentum Strike       Conj/Tloc      100%       3d10      0%          2
P - Blink                 Tloc           100%       N/A       0%          2
Q - Necrotise             Necr           100%       1d9       0%          1
S - Summon Hydra          Summ           43%        N/A       4%          7
U - Malign Gateway        Summ/Tloc      43%        N/A       4%          7
W - Slow                  Hex            100%       N/A       0%          1
Y - Magic Dart            Conj           100%       1d8       0%          1
Your spell library was empty.

Dungeon Overview and Level Annotations

Branches:
Dungeon (15/15)            Temple (1/1) D:5            Lair (5/5) D:11
  Swamp (4/4) Lair:3        Snake (4/4) Lair:2        Slime (0/5) Lair:5
    Orc (2/2) D:11            Elf (3/3) Orc:2        Vaults (5/5) D:13
 Depths (4/4) D:15            Zot (5/5) Depths:4      IceCv (visited)
  Crypt: Vaults:2-3

Altars:
Ashenzari
Cheibriados
Dithmenos
Elyvilon
Fedhas
Gozag
Hepliaklqana
Makhleb
Nemelex Xobeh
Okawaru
Qazlal
Ru
Trog
Uskayaw
Wu Jian
Xom
Yredelemnul
Zin
The Shining One
Jiyva
Lugonu

Shops:
D:6 :[([([   D:15 [(=   Orc:2 !:?=   Vaults:1 :   Vaults:4 (   Zot:1 *
Depths:2 [=([

Portals:
Hell: Depths:1 Depths:2 Depths:3 Depths:4
Abyss: Depths:1 Depths:2 Depths:3
Pandemonium: Depths:1 Depths:2
Ziggurat: Depths:3

Annotations:
Snake:2 Mlioglotl
Elf:2 3 runed translucent doors
Depths:4 1 runed translucent door


Innate Abilities, Weirdness & Mutations

You are immune to sickness and miasma.
You are immune to poison.
Your flesh is very heat resistant. (rF++)
You are very vulnerable to cold. (rC--)
You float through the air rather than walking.
You learn spells naturally, not from books.
Your magical power is your life essence.
You have superior vitality. (+4 MHP)
You are partially covered in iridescent scales. (AC +2)
You possess an exceptional clarity of mind.
You occasionally lose the ability to drink potions when taking damage.


Message History

a +0 robe; a +0 dagger The profane servitor hits something with a +1 vampiric demon whip! x2
There is a stone staircase leading up here.
The profane servitor hits something with a +1 vampiric demon whip!!
You fly upwards.
There is a stone staircase leading down here.
What level of the Dungeon? (default 1, ? - help)
Okay, then.
What level of the Dungeon? (default 1, ? - help)
There is a stone staircase leading up here.
You fly upwards.
There is a stone staircase leading down here.
There is an entrance to Kocribu's Book Emporium here.
There is a stone staircase leading up here.
You fly upwards.
There is a stone staircase leading down here.
There is an open door here.
There is an open door here.
There is a stone staircase leading up here.
You fly upwards.
There is a stone staircase leading down here.
There is a stone staircase leading up here.
You fly upwards.
There is a stone staircase leading down here.
There is a stone staircase leading up here.
You fly upwards.
There is a stone staircase leading down here.
You see here a +0 short sword.
There is a stone staircase leading up here.
You fly upwards.
There is a stone staircase leading down here.
A blizzard demon comes into view.
An Orb Guardian comes into view.
Blink to where?
Press: ? - help, Dir - move target
As you read the scroll of blinking, it crumbles to dust.
Blink to where?
Press: ? - help, Dir - move target
As you read the scroll of blinking, it crumbles to dust.
You have escaped!

##########
##..#P...@#
#####..~.~..~~#
###...~.X..~.~~~#
##....X~~......P~#
#..~.~.P~......PP#
#....§...~.......#
.........~..~.PP.#
........~.P......#
.PP..P.~P.P.P..P~#


You could see an Orb Guardian.

Vanquished Creatures
  4 dread liches
  5 orbs of fire
  Sojobo (D:15)
  2 Killer Klowns (Zot:5)
  A caustic shrike (Depths:2)
  5 golden dragons
  A bone dragon (Zot:2)
  2 electric golems (Zot:3)
  5 tentacled monstrosities
  5 liches
  25 Orb Guardians (Zot:5)
  Jorgrun (D:15)
  7 quicksilver dragons
  6 deep elf blademasters (Elf:3)
  A walking divine tome (Depths:3)
  A titan (Vaults:5)
  4 deep elf master archers (Elf:3)
  2 death cobs
  4 sphinxes
  4 tengu reavers
  Gastronok (Lair:3)
  4 thorn hunters
  3 azure jellies (IceCv)
  6 storm dragons
  2 nagarajas
  A fenstrider witch (Swamp:3)
  4 draconian monks
  3 draconian knights
  4 iron dragons (Depths:1)
  6 fire giants
  4 ghost moths (Zot:5)
  7 vault wardens
  Louise (Snake:1)
  A draconian scorcher (Zot:3)
  5 frost giants
  4 deep elf sorcerers (Elf:3)
  6 draconian shifters
  4 deep elf elementalists (Elf:3)
  A cacodemon (Depths:1)
  A spriggan defender (Depths:2)
  4 quicksilver oozes (IceCv)
  9 ironbound preservers
  5 ironbound thunderhulks
  2 war gargoyles
  17 very ugly things
  6 draconian annihilators
  8 green draconians
  5 stone giants
  5 deep elf demonologists
  A vampire knight (Depths:1)
  12 black draconians
  5 white draconians
  3 eleionomae
  5 bunyips
  6 deep elf annihilators (Elf:3)
  17 dire elephants
  10 spark wasps
  7 red draconians
  6 purple draconians
  6 yellow draconians
  4 deep elf death magi
  The ghost of dontdoit the Spry, a journeyman FeIE of Vehumet (Swamp:1)
  7 ettins
  Josephine (D:15)
  6 fire dragons
  8 yaktaur captains
  3 great orbs of eyes
  5 deep elf high priests
  A shambling mangrove (Swamp:4)
  2 rakshasas
  28 vault guards
  A salamander tyrant (Snake:4)
  2 peacekeepers
  20 hydras
  5 ice dragons
  7 ogre magi
  A ghost crab (Swamp:1)
  The ghost of Dega the Marksspriggan, a journeyman SpHu of Qazlal (D:13)
  13 ironbound frosthearts
  2 merfolk avatars
  7 centaur warriors
  6 spriggan air magi
  A death knight (D:14)
  9 anacondas
  4 alligators
  11 dancing weapons
  10 tengu warriors
  The ghost of MinotaursOnly the Nimble, a novice MiCj of Dithmenos (D:9)
  A deep troll earth mage (Vaults:5)
  7 deep troll shamans
  27 two-headed ogres
  A hell hog (Depths:4)
  4 boulder beetles
  8 naga sharpshooters
  6 death yaks (Lair:5)
  5 naga warriors
  5 shock serpents
  8 spriggan berserkers
  Sonja (Lair:3)
  Amaemon (Lair:3)
  13 deep elf knights
  3 soul eaters
  4 skysharks
  10 hell knights
  2 salamander mystics
  Nergalle (D:11)
  7 iron trolls
  3 skeletal warriors
  A sixfirhy (Depths:1)
  A flayed ghost (Depths:2)
  A glowing orange brain (Depths:1)
  5 spriggan druids
  2 sea snakes
  3 wizards
  5 lindwurms (Vaults:1)
  6 bog bodies
  2 goliath frogs (Swamp:3)
  14 deep trolls
  10 swamp dragons
  10 ironbound convokers
  2 phantasmal warriors (Vaults:5)
  An orc knight (Vaults:5)
  An orange crystal statue (IceCv)
  7 nameless horrors
  Pikel (D:4)
  9 deep elf archers
  5 naga ritualists
  19 deep elf pyromancers
  8 necromancers
  A harpy (Lair:5)
  11 mana vipers
  4 cyclopes
  13 deep elf zephyrmancers
  38 ugly things
  5 will-o-the-wisps
  An orc sorcerer (Orc:1)
  A wolf spider (D:14)
  4 manticores (D:14)
  14 moths of wrath
  12 salamanders
  A salamander (shapeshifter) (Vaults:5)
  4 rust devils (Depths:1)
  A guardian serpent (Snake:3)
  A manticore (shapeshifter) (Depths:3)
  Joseph (D:7)
  25 elephants
  Maurice (Orc:2)
  38 black mambas
  An ice statue (D:10)
  9 vault sentinels
  A black mamba (shapeshifter) (D:14)
  A smoke demon (Depths:1)
  2 orange demons
  2 gargoyles
  14 naga magi
  20 cane toads
  A hellion (Depths:2)
  4 rime drakes
  7 komodo dragons
  20 yaktaurs
  2 komodo dragons (shapeshifter)
  An unseen horror (D:11)
  4 freezing wraiths
  An efreet (D:14)
  4 tengu conjurers
  A bloated husk (Swamp:2)
  12 tyrant leeches
  21 hornets
  A meliai (shapeshifter) (D:14)
  10 trolls
  6 polar bears
  Grinder (D:4)
  9 blink frogs
  38 slime creatures
  A centaur simulacrum (D:15)
  21 spriggans
  9 flying skulls
  A shadow (D:12)
  A slime creature (shapeshifter) (Vaults:5)
  6 wyverns
  2 ynoxinuls (Depths:2)
  6 water elementals
  49 yaks
  An air elemental (Elf:2)
  4 basilisks
  7 wraiths
  2 fire elementals
  3 chaos spawn
  A steam dragon (Lair:5)
  12 vampire mosquitoes
  4 wargs
  3 acid dragons
  17 swamp worms
  38 nagas
  18 water moccasins
  6 swamp drakes (Swamp:4)
  11 orc warriors
  6 black bears
  21 ice beasts
  A great orb of eyes simulacrum (IceCv)
  28 ogres
  18 wolves
  7 centaurs
  7 slime creature simulacra (IceCv)
  The ghost of Dorkslayer the Insei, an amateur OpSh (D:3)
  3 kobold brigands
  A phantom (D:6)
  2 lemures (D:4)
  Blork the orc (D:4)
  11 bullfrogs
  A gnoll sergeant (D:7)
  3 glowing shapeshifter simulacra (IceCv)
  5 earth elementals
  2 scorpions
  5 wights (D:9)
  9 killer bees
  2 howler monkeys
  An oklob sapling (D:5)
  6 electric eels (D:10)
  3 jellies
  6 hounds
  14 orc priests
  3 gnoll boudas
  2 sleepcaps
  3 iguanas
  19 orc wizards
  Robin (D:4)
  22 gnolls
  6 adders
  A white imp (D:6)
  2 ufetubi
  2 worms (D:2)
  3 dart slugs
  44 orcs
  3 endoplasms
  5 giant cockroaches
  9 goblins
  11 hobgoblins
  9 jackals
  22 kobolds
  2 quokkas
  7 ball pythons
  A bat (D:3)
  7 frilled lizards
  2 rats (D:2)
1632 creatures vanquished.

Vanquished Creatures (collateral kills)
  3 dread liches
  2 ancient liches
  An orb of fire (Zot:2)
  2 juggernauts
  the Lernaean hydra (Swamp:4)
  2 curse toes
  2 Killer Klowns (Zot:5)
  Margery (Depths:3)
  5 caustic shrikes (Depths:4)
  Nikola (Swamp:3)
  3 golden dragons
  Jory (Vaults:2)
  A bone dragon (Zot:2)
  2 electric golems (Zot:5)
  A hellephant (Depths:2)
  12 tentacled monstrosities
  2 titans
  3 liches
  A quicksilver dragon (Zot:4)
  A walking frostbound tome (Depths:3)
  3 sphinxes
  8 death cobs
  The ghost of Totter the Brawler, an adept DrSh of Lugonu (Snake:3)
  3 storm dragons
  7 shadow dragons
  A draconian monk (Depths:4)
  Donald (Vaults:1)
  3 nagarajas (Snake:4)
  A rockslime (IceCv)
  3 frost giants
  A deep elf sorcerer (Elf:1)
  2 fire giants
  2 iron dragons
  3 vault wardens
  A draconian stormcaller (Depths:4)
  5 ironbound preservers
  An orc warlord (Vaults:1)
  6 stone giants
  A war gargoyle (Vaults:5)
  7 very ugly things
  2 formless jellyfish
  A draconian annihilator (Zot:2)
  2 ironbound thunderhulks
  A vampire knight (Depths:1)
  A green draconian (Depths:4)
  A black draconian (Zot:2)
  A yellow draconian (Zot:2)
  3 red draconians
  3 white draconians
  A deep elf annihilator (Elf:1)
  2 spark wasps (Depths:4)
  11 dire elephants
  A purple draconian (Zot:3)
  3 crystal guardians
  A blizzard demon (Depths:4)
  The ghost of PiratePeteNZ the Carver, a journeyman DjCj of Gozag (Elf:1)
  3 ettins
  A yaktaur captain (Vaults:4)
  4 fire dragons
  A salamander tyrant (Snake:4)
  A great orb of eyes (Vaults:3)
  A hell beast (Depths:4)
  3 ice dragons
  6 vault guards
  3 centaur warriors (Vaults:1)
  An ogre mage (Vaults:5)
  A peacekeeper (Vaults:3)
  A hydra (Swamp:4)
  3 ironbound frosthearts
  5 naga warriors (Snake:4)
  An alligator (shapeshifter) (Depths:4)
  10 dancing weapons
  A deep troll shaman (Depths:4)
  2 two-headed ogres (Vaults:5)
  A boulder beetle (shapeshifter) (Depths:4)
  A tengu warrior (Depths:3)
  A deep troll earth mage (Depths:1)
  3 vampire magi
  A naga sharpshooter (Snake:4)
  A hell knight (Depths:3)
  2 soul eaters (Zot:2)
  2 deep elf knights
  An iron troll (D:14)
  2 death drakes (Zot:2)
  2 sea snakes (Snake:4)
  A salamander mystic (Depths:1)
  A shadow demon (Zot:5)
  A flayed ghost (Depths:1)
  3 wizards
  A glowing orange brain (Depths:1)
  2 lindwurms (Vaults:1)
  A naga ritualist (Snake:4)
  19 deep trolls
  A swamp dragon (Swamp:4)
  An ironbound convoker (Vaults:3)
  2 deep elf pyromancers (Elf:1)
  2 necromancers (Zot:3)
  A deep elf zephyrmancer (Elf:1)
  6 ugly things
  A mana viper (Snake:4)
  3 salamanders
  3 moths of wrath
  A moth of wrath (shapeshifter) (Depths:3)
  4 slime creatures
  3 naga magi (Snake:4)
  4 vault sentinels
  5 yaktaurs
  2 tengu conjurers (Depths:1)
  A moth of wrath zombie (Zot:2)
  A queen bee (shapeshifter) (Depths:4)
  A flying skull (Zot:3)
  A fire elemental (Elf:1)
  7 nagas (Snake:4)
  A floating eye (Depths:4)
  A swamp drake (Swamp:4)
  An ogre (shapeshifter) (Elf:1)
  4 ogres (Vaults:5)
  3 nameless horrors
  A scorpion (D:5)
  2 earth elementals (Elf:1)
  An electric eel (Snake:4)
  An adder (D:2)
  A ball python (D:1)
  A kobold (D:2)
303 creatures vanquished.

Vanquished Creatures (others)
  A tengu reaver (Depths:1)
  A vault warden (Vaults:1)
  A vampire knight (Depths:3)
  A black draconian (Zot:4)
  A spark wasp (Depths:4)
  2 ice dragons (Depths:3)
  A dancing weapon (Elf:1)
  A bloated husk (Swamp:1)
  A killer bee (D:6)
  14 foxfires
24 creatures vanquished.

Grand Total: 1959 creatures vanquished

Notes
Turn   | Place    | Note
-------+----------+-------------------------------------------
     0 | D:1      | yakattack the Djinni Hedge Wizard began the quest for the
                  | Orb.
     0 | D:1      | yakattack set off with the following spells memorised:
                  | Magic Dart, Slow, Blink, Call Imp, Mephitic Cloud.
     0 | D:1      | Reached XP level 1. HP: 15/15 MP: 0/0
   223 | D:1      | Reached XP level 2. HP: 9/21 MP: 0/0
   364 | D:1      | Found a faded altar of an unknown god.
   859 | D:2      | Reached XP level 3. HP: 15/25 MP: 0/0
   859 | D:2      | Learned a level 1 spell: Necrotise
  1270 | D:2      | Reached XP level 4. HP: 28/31 MP: 0/0
  1691 | D:3      | Found a runed translucent door.
  1691 | D:3      | Noticed Dorkslayer's ghost (amateur OpSh)
  1726 | D:3      | Reached XP level 5. HP: 24/35 MP: 0/0
  1726 | D:3      | Learned a level 2 spell: Momentum Strike
  2951 | D:4      | Noticed Grinder
  3014 | D:5      | Entered Level 5 of the Dungeon
  3110 | D:5      | Noticed a kobold brigand
  3283 | D:5      | Reached skill level 5 in Spellcasting
  3283 | D:5      | Reached skill level 5 in Conjurations
  3283 | D:5      | Reached skill level 5 in Hexes
  3283 | D:5      | Reached skill level 5 in Summonings
  3283 | D:5      | Reached skill level 5 in Necromancy
  3283 | D:5      | Reached skill level 5 in Translocations
  3283 | D:5      | Reached skill level 5 in Transmutations
  3283 | D:5      | Reached skill level 5 in Fire Magic
  3283 | D:5      | Reached skill level 5 in Ice Magic
  3283 | D:5      | Reached skill level 5 in Air Magic
  3283 | D:5      | Reached skill level 5 in Earth Magic
  3283 | D:5      | Reached skill level 5 in Poison Magic
  3283 | D:5      | Reached XP level 6. HP: 35/40 MP: 0/0
  3758 | D:5      | Found a staircase to the Ecumenical Temple.
  3779 | D:5      | Reached XP level 7. HP: 26/45 MP: 0/0
  3779 | D:5      | Learned a level 3 spell: Stone Arrow
  3918 | D:5      | Noticed a water moccasin
  3921 | D:5      | Killed a water moccasin
  4047 | D:5      | Identified the +7 dagger "Tesmita" {heavy, rElec rCorr
                  | Int-5 Dex+5}
  4391 | D:5      | Reached XP level 8. HP: 45/50 MP: 0/0
  4688 | Temple   | Entered the Ecumenical Temple
  4746 | Temple   | Became a worshipper of Elyvilon the Healer
  4796 | D:6      | Found Dytouqo's Antique Armour Shop.
  4799 | D:6      | Reached skill level 1 in Invocations
  4846 | D:6      | Found Naucwoh's Antique Weapon Shoppe.
  4890 | D:6      | Found Husm's Armour Emporium.
  4907 | D:6      | Bought a +0 pair of gloves for 67 gold pieces
  4935 | D:6      | Found Kocribu's Book Emporium.
  5266 | D:6      | Reached * piety under Elyvilon
  5350 | D:6      | Reached skill level 5 in Invocations
  5447 | D:6      | Found Ogrieloa's Weapon Shoppe.
  5469 | D:6      | Reached XP level 9. HP: 46/55 MP: 0/0
  5469 | D:6      | Learned a level 4 spell: Olgreb's Toxic Radiance
  5527 | D:6      | Found Ukopsomp's Armour Shop.
  5718 | D:6      | Found a hide-covered altar of Uskayaw.
  5726 | D:6      | Found a sacrificial altar of Ru.
  6438 | D:7      | Found an ornate altar of the Wu Jian Council.
  6441 | D:7      | Reached ** piety under Elyvilon
  6637 | D:7      | Noticed Joseph
  6644 | D:7      | Killed Joseph
  6655 | D:7      | Reached skill level 1 in Fighting
  7162 | D:6      | Reached skill level 2 in Fighting
  7318 | D:4      | Noticed Robin
  7322 | D:4      | Killed Robin
  7480 | D:4      | Killed Grinder
  7481 | D:4      | Reached skill level 3 in Fighting
  7481 | D:4      | Reached XP level 10. HP: 43/67 MP: 0/0
  7827 | D:4      | Noticed Blork the orc
  7834 | D:4      | Killed Blork the orc
  7984 | D:4      | Noticed Pikel
  7997 | D:4      | Killed Pikel
  7998 | D:4      | Reached skill level 5 in Fighting
  8441 | D:4      | Found a bloodstained altar of Trog.
  8685 | D:8      | Reached skill level 6 in Fighting
  8766 | D:8      | Reached skill level 7 in Fighting
  9053 | D:8      | Reached *** piety under Elyvilon
  9944 | D:9      | Reached skill level 8 in Fighting
 10283 | D:9      | Noticed a two-headed ogre
 10284 | D:9      | Reached skill level 9 in Fighting
 10284 | D:9      | Reached XP level 11. HP: 75/84 MP: 0/0
 10284 | D:9      | Learned a level 4 spell: Cause Fear
 10291 | D:9      | Killed a two-headed ogre
 10429 | D:9      | Found a glowing silver altar of Zin.
 10579 | D:9      | Found a runed translucent door.
 10579 | D:9      | Found a shimmering altar of Xom.
 10579 | D:9      | Noticed a +2 trident of chaos
 10579 | D:9      | Noticed MinotaursOnly's ghost (novice MiCj)
 10870 | D:3      | Killed Dorkslayer's ghost
 10871 | D:3      | Reached skill level 10 in Fighting
 11061 | D:10     | Entered Level 10 of the Dungeon
 11942 | D:10     | Reached skill level 11 in Fighting
 11972 | D:10     | Found a sparkling altar of Nemelex Xobeh.
 12021 | D:10     | Reached **** piety under Elyvilon
 12902 | D:10     | Reached skill level 12 in Fighting
 13384 | D:11     | Found a staircase to the Orcish Mines.
 13530 | D:11     | Noticed Nergalle
 13565 | D:11     | Killed Nergalle
 13746 | D:11     | Found a staircase to the Lair.
 14006 | D:11     | Reached skill level 13 in Fighting
 14006 | D:11     | Reached XP level 12. HP: 56/98 MP: 0/0
 15132 | D:11     | Reached skill level 14 in Fighting
 15271 | D:12     | Found a portal to a secret trove of treasure.
 15475 | D:12     | Noticed a two-headed ogre
 15482 | D:12     | Noticed a fire dragon
 15483 | D:12     | Killed a two-headed ogre
 15497 | D:12     | Killed a fire dragon
 15630 | D:12     | Reached skill level 15 in Fighting
 15921 | D:12     | Reached ***** piety under Elyvilon
 16255 | Lair:1   | Entered Level 1 of the Lair of Beasts
 16617 | Lair:1   | Reached XP level 13. HP: 96/109 MP: 0/0
 16617 | Lair:1   | Learned a level 5 spell: Freezing Cloud
 17759 | Lair:2   | Found a staircase to the Snake Pit.
 17996 | Lair:2   | Reached ****** piety under Elyvilon
 18586 | Lair:3   | Noticed Gastronok
 18593 | Lair:3   | Killed Gastronok
 18594 | Lair:3   | Reached skill level 10 in Spellcasting
 18594 | Lair:3   | Reached skill level 10 in Conjurations
 18594 | Lair:3   | Reached skill level 10 in Hexes
 18594 | Lair:3   | Reached skill level 10 in Summonings
 18594 | Lair:3   | Reached skill level 10 in Necromancy
 18594 | Lair:3   | Reached skill level 10 in Translocations
 18594 | Lair:3   | Reached skill level 10 in Transmutations
 18594 | Lair:3   | Reached skill level 10 in Fire Magic
 18594 | Lair:3   | Reached skill level 10 in Ice Magic
 18594 | Lair:3   | Reached skill level 10 in Air Magic
 18594 | Lair:3   | Reached skill level 10 in Earth Magic
 18594 | Lair:3   | Reached skill level 10 in Poison Magic
 18628 | Lair:3   | Noticed Sonja
 18632 | Lair:3   | Noticed a six-headed hydra
 18640 | Lair:3   | Killed Sonja
 18645 | Lair:3   | Killed a six-headed hydra
 18882 | Lair:3   | Found a staircase to the Swamp.
 19336 | Lair:3   | Reached XP level 14. HP: 103/115 MP: 0/0
 19364 | Lair:3   | Noticed Amaemon
 19372 | Lair:3   | Killed Amaemon
 19556 | Lair:4   | You are sucked into a shaft and drop 1 floor!
 19556 | Lair:5   | Entered Level 5 of the Lair of Beasts
 21180 | Lair:5   | Reached XP level 15. HP: 54/121 MP: 0/0
 21180 | Lair:5   | Learned a level 6 spell: Dispersal
 21874 | Lair:5   | Found a blossoming altar of Fedhas.
 22032 | Lair:5   | Found the +7 Spriggan's Knife {stab, EV+4 Stlth+}
 22041 | Lair:5   | Identified the +1 leather armour "Hofuhuso" {rC++ Int-3}
 22049 | Lair:5   | Identified the +9 rapier "Titalohi" {protect, *Rage rPois
                  | Str+2 Dex+3}
 22151 | Lair:5   | Found a viscous altar of Jiyva.
 22151 | Lair:5   | Found a staircase to the Slime Pits.
 22496 | Orc:1    | Entered Level 1 of the Orcish Mines
 22890 | Orc:1    | You are sucked into a shaft and drop 1 floor!
 22890 | Orc:2    | Entered Level 2 of the Orcish Mines
 22940 | Orc:2    | Reached skill level 15 in Spellcasting
 22940 | Orc:2    | Reached skill level 15 in Conjurations
 22940 | Orc:2    | Reached skill level 15 in Hexes
 22940 | Orc:2    | Reached skill level 15 in Summonings
 22940 | Orc:2    | Reached skill level 15 in Necromancy
 22940 | Orc:2    | Reached skill level 15 in Translocations
 22940 | Orc:2    | Reached skill level 15 in Transmutations
 22940 | Orc:2    | Reached skill level 15 in Fire Magic
 22940 | Orc:2    | Reached skill level 15 in Ice Magic
 22940 | Orc:2    | Reached skill level 15 in Air Magic
 22940 | Orc:2    | Reached skill level 15 in Earth Magic
 22940 | Orc:2    | Reached skill level 15 in Poison Magic
 23721 | Orc:2    | Reached XP level 16. HP: 111/127 MP: 0/0
 23859 | Orc:2    | Noticed Maurice
 23865 | Orc:2    | Killed Maurice
 24108 | Orc:2    | Found Toeno's Magic Scroll Boutique.
 24108 | Orc:2    | Found Eckuesie's Jewellery Emporium.
 24109 | Orc:2    | Found Pyefin's Distillery.
 24109 | Orc:2    | Found Putawol's Book Boutique.
 24119 | Orc:2    | Bought a potion of berserk rage for 60 gold pieces
 24119 | Orc:2    | Bought a potion of cancellation for 96 gold pieces
 24120 | Orc:2    | Bought a scroll of blinking for 105 gold pieces
 24169 | Orc:2    | Found a staircase to the Elven Halls.
 24312 | Orc:2    | Bought a scroll of identify for 28 gold pieces
 24312 | Orc:2    | Bought a scroll of identify for 28 gold pieces
 24312 | Orc:2    | Bought a scroll of identify for 28 gold pieces
 24835 | D:6      | Bought the +6 scale mail "Zuomojarph" {rF+ rC+ Str+3} for
                  | 919 gold pieces
 25074 | D:10     | Noticed a frost giant
 25117 | D:10     | Killed a frost giant
 25415 | D:10     | Reached skill level 1 in Armour
 25415 | D:10     | Reached skill level 1 in Shields
 26416 | D:13     | Found the +3 salamander hide armour {Flames, rFlCloud rF++
                  | rC--}
 26736 | D:13     | Found a gate to the Vaults.
 26979 | D:13     | Noticed Dega's ghost (journeyman SpHu)
 26984 | D:13     | Found a transporter.
 27121 | D:13     | Found a bloodstained altar of Trog.
 27152 | D:13     | Found a transporter.
 28080 | D:14     | Reached skill level 1 in Evocations
 28259 | D:14     | Reached skill level 5 in Dodging
 28511 | D:14     | Noticed a storm dragon
 28944 | D:14     | Found a glowing silver altar of Zin.
 29327 | D:14     | Identified the ring "Jafex" {Fly rN++ Dex+6}
 29972 | D:15     | Entered Level 15 of the Dungeon
 30209 | D:15     | Found Koutoy's Jewellery Boutique.
 30219 | D:15     | Bought an amulet of regeneration for 300 gold pieces
 30608 | D:15     | Found Vehaa's Antique Armour Boutique.
 30611 | D:15     | Bought an embroidered cloak for 180 gold pieces
 30614 | D:15     | Noticed Jorgrun
 30631 | D:15     | Killed Jorgrun
 30730 | D:15     | Reached skill level 5 in Armour
 30798 | D:15     | Reached XP level 17. HP: 126/132 MP: 0/0
 30798 | D:15     | Learned a level 7 spell: Malign Gateway
 30803 | D:15     | Found Qesef's Weapon Boutique.
 31068 | D:15     | Found a staircase to the Depths.
 31118 | D:15     | Noticed Josephine
 31129 | D:15     | Killed Josephine
 31350 | D:15     | Upgraded the game from 0.31-a0-496-g6f97920 to
                  | 0.31-a0-505-gf982180
 31504 | Swamp:1  | Entered Level 1 of the Swamp
 31659 | Swamp:1  | Found a runed translucent door.
 31665 | Swamp:1  | Noticed dontdoit's ghost (journeyman FeIE)
 31701 | Swamp:1  | Reached skill level 10 in Invocations
 31979 | Swamp:1  | Reached skill level 5 in Evocations
 32838 | D:15     | Bought a runed cloak for 180 gold pieces
 32962 | D:13     | Killed Dega's ghost
 33238 | D:9      | Killed MinotaursOnly's ghost
 33456 | Swamp:1  | Killed dontdoit's ghost
 33567 | Swamp:2  | You are sucked into a shaft and drop 1 floor!
 33580 | Swamp:3  | Reached skill level 5 in Shields
 33616 | Swamp:3  | Noticed a thorn hunter
 33629 | Swamp:3  | Killed a thorn hunter
 33850 | Swamp:3  | Found a frozen archway.
 33850 | Swamp:3  | Noticed Nikola
 33866 | Swamp:3  | Killed Nikola
 33892 | IceCv    | Entered an ice cave
 34406 | IceCv    | Found a viscous altar of Jiyva.
 34507 | IceCv    | Reached XP level 18. HP: 87/139 MP: 0/0
 34511 | IceCv    | Was placed under penance by Elyvilon
 34587 | IceCv    | Identified the +0 ice dragon scales "Afuekogu" {+Blink rF-
                  | rC++ rN+}
 35828 | Swamp:3  | Was forgiven by Elyvilon
 36008 | Swamp:4  | Entered Level 4 of the Swamp
 36477 | Swamp:4  | Identified the +11 scale mail of the Decaying God {rF+}
 37089 | Swamp:4  | Identified the +3 chain mail of Optimism {-Tele Contam Harm
                  | rPois}
 37402 | Swamp:4  | Noticed the 27-headed Lernaean hydra
 37408 | Swamp:4  | Killed the 27-headed Lernaean hydra
 37414 | Swamp:4  | Reached skill level 10 in Dodging
 37594 | Swamp:4  | Got a decaying rune of Zot
 38269 | Snake:1  | Entered Level 1 of the Snake Pit
 38326 | Snake:1  | Reached XP level 19. HP: 125/145 MP: 0/0
 38326 | Snake:1  | Learned a level 7 spell: Monstrous Menagerie
 38404 | Snake:1  | Noticed Louise
 38415 | Snake:1  | Killed Louise
 38816 | D:12     | You paid a toll of a +5 demon trident to enter a treasure
                  | trove
 38817 | Trove    | Entered a treasure trove
 38837 | Trove    | Identified a scroll of acquirement
 38909 | D:12     | Acquired a manual of Evocations
 41962 | Snake:3  | Found a runed translucent door.
 41962 | Snake:3  | Noticed Totter's ghost (adept DrSh)
 41962 | Snake:3  | Noticed Mlioglotl
 42597 | Snake:3  | Killed Totter's ghost
 42640 | Snake:3  | Identified the +3 spear of Ryblamix {freeze, Int+5}
 42887 | Orc:2    | Bought the ring "Fieloas" {Wiz Int+7} for 775 gold pieces
 43104 | Snake:4  | Entered Level 4 of the Snake Pit
 43790 | Snake:4  | Reached XP level 20. HP: 148/151 MP: 0/0
 43872 | Snake:4  | Identified the +0 chain mail "Buvve" {rF+}
 44024 | Snake:4  | Was placed under penance by Elyvilon
 44248 | Snake:4  | Got a serpentine rune of Zot
 44604 | Vaults:1 | Entered Level 1 of the Vaults
 45416 | Vaults:1 | Upgraded the game from 0.31-a0-505-gf982180 to
                  | 0.31-a0-507-gbafd7f5
 45540 | Vaults:1 | Reached skill level 10 in Armour
 45835 | Vaults:1 | Found Soomago's Book Boutique.
 45853 | Vaults:1 | Noticed Donald
 45983 | Vaults:1 | Killed Donald
 45987 | Vaults:1 | Reached skill level 16 in Fighting
 46349 | Vaults:1 | Was forgiven by Elyvilon
 47008 | Vaults:2 | Was placed under penance by Elyvilon
 47010 | Vaults:2 | Reached skill level 10 in Evocations
 47410 | Vaults:2 | Noticed Jory
 47420 | Vaults:2 | Killed Jory
 47421 | Vaults:2 | Reached XP level 21. HP: 89/158 MP: 0/0
 47421 | Vaults:2 | Learned a level 7 spell: Ozocubu's Refrigeration
 47663 | Vaults:2 | You are sucked into a shaft and drop 1 floor!
 49626 | Vaults:4 | Reached skill level 17 in Fighting
 50347 | Vaults:4 | Noticed a dread lich
 50348 | Vaults:4 | Paralysed by a dread lich for 4 turns
 50360 | Vaults:4 | Found Xuffuer's Antique Weapon Shoppe.
 51182 | Vaults:4 | Killed a dread lich
 51994 | Depths:1 | Entered Level 1 of the Depths
 52047 | Depths:1 | Found a one-way gate leading to the halls of Pandemonium.
 52243 | D:14     | Upgraded the game from 0.31-a0-507-gbafd7f5 to
                  | 0.31-a0-512-g28e415f
 52291 | D:14     | Reached XP level 22. HP: 149/167 MP: 0/0
 52547 | Depths:1 | Found a gateway to Hell.
 52601 | Depths:1 | Found a one-way gate to the infinite horrors of the Abyss.
 52850 | Depths:1 | Noticed Sojobo
 53347 | Depths:1 | Reached skill level 1 in Long Blades
 53579 | Depths:1 | Identified the staff of Perversion {Fragile +Blink rElec
                  | rN+++ Int-4 Air}
 54006 | Depths:2 | Found Cinua's Armour Boutique.
 54292 | Depths:2 | Found Zolyrghei's Jewellery Boutique.
 54463 | Depths:2 | Reached skill level 5 in Long Blades
 54506 | Depths:2 | Found Puetuyt's Weapon Shoppe.
 54535 | Depths:2 | Found Maedew's Antique Armour Shop.
 54598 | Depths:2 | Bought a bloodstained scale mail for 279 gold pieces
 54598 | Depths:2 | Identified the +2 scale mail of Duipyj {-Tele Int+4} (You
                  | bought it in a shop on level 2 of the Depths)
 54598 | Depths:2 | Bought a pair of slimy gloves for 294 gold pieces
 54598 | Depths:2 | Identified the +0 pair of gloves of the Prince of Darkness
                  | {Rampage Fly Dex-2 Slay+5} (You bought it in a shop on
                  | level 2 of the Depths)
 55092 | Depths:2 | Found a corrupted altar of Lugonu.
 55099 | Depths:2 | Identified the +8 chain mail of Acsagiekyi {Contam Will+
                  | Stlth+}
 55360 | Depths:2 | Identified the +0 chain mail "Zatean" {+Blink Will+ Int+2}
 56278 | Depths:3 | Reached XP level 23. HP: 87/175 MP: 0/0
 56278 | Depths:3 | Learned a level 7 spell: Summon Hydra
 56364 | Depths:3 | Noticed a juggernaut
 56648 | Depths:2 | Reached skill level 10 in Long Blades
 57410 | D:15     | Killed Sojobo
 57605 | Depths:2 | Killed a juggernaut
 57816 | Depths:3 | Found a one-way gateway to a ziggurat.
 57915 | Depths:3 | Was forgiven by Elyvilon
 57930 | Depths:3 | Noticed a caustic shrike
 57945 | Depths:2 | Killed a caustic shrike
 58463 | Depths:3 | Noticed Margery
 58471 | Depths:3 | Killed Margery
 59942 | Depths:4 | Entered Level 4 of the Depths
 60280 | Depths:4 | Noticed a golden dragon
 60289 | Depths:4 | Noticed a golden dragon
 60372 | Depths:3 | Killed a golden dragon
 60418 | Depths:4 | Noticed a golden dragon
 60429 | Depths:3 | Killed a golden dragon
 60565 | Depths:4 | Noticed a juggernaut
 61179 | Depths:3 | Killed a golden dragon
 61267 | Depths:4 | Noticed a golden dragon
 61314 | Depths:3 | Killed a golden dragon
 61396 | Depths:4 | Found a gate to the Realm of Zot.
 61531 | Depths:4 | Noticed a caustic shrike
 61741 | Depths:4 | Killed a juggernaut
 61742 | Depths:4 | Reached XP level 24. HP: 79/181 MP: 0/0
 61888 | Depths:4 | Noticed a caustic shrike
 61889 | Depths:4 | Noticed a caustic shrike
 61889 | Depths:4 | Noticed a caustic shrike
 61890 | Depths:4 | Noticed a caustic shrike
 61906 | Depths:4 | Killed a caustic shrike
 62033 | Depths:4 | Killed a caustic shrike
 62054 | Depths:4 | Killed a caustic shrike
 62055 | Depths:4 | Reached skill level 15 in Long Blades
 62142 | Depths:4 | Killed a caustic shrike
 62269 | Depths:4 | Killed a caustic shrike
 62830 | Depths:4 | Found a runed translucent door.
 62832 | Depths:4 | Noticed a juggernaut
 64472 | Elf:1    | Entered Level 1 of the Elven Halls
 65067 | Elf:1    | Found a runed translucent door.
 65072 | Elf:1    | Noticed PiratePeteNZ's ghost (journeyman DjCj)
 65119 | Elf:1    | Reached skill level 15 in Evocations
 65248 | Elf:1    | Reached skill level 18 in Fighting
 66033 | Elf:1    | Killed PiratePeteNZ's ghost
 66789 | Elf:2    | Found a runed translucent gate.
 66789 | Elf:2    | Found a runed translucent gate.
 66789 | Elf:2    | Found a runed translucent gate.
 66820 | Elf:3    | Entered Level 3 of the Elven Halls
 67102 | Elf:3    | Identified the +2 flail "Evyarrosch" {heavy, rF+ Will+
                  | Int+2 SInv}
 67207 | Elf:3    | Reached XP level 25. HP: 104/188 MP: 0/0
 67207 | Elf:3    | Learned a level 9 spell: Death's Door
 67614 | Elf:3    | Identified the +8 scimitar of the Original Sin {elec,
                  | rElec}
 67616 | Elf:3    | Reached skill level 15 in Dodging
 67655 | Elf:3    | Identified the +4 ring mail of Vux Gustuw {rN+ Regen+}
 67706 | Elf:3    | Identified the +3 hand axe "Veogheh" {freeze, Fly rF+
                  | Int+2}
 67802 | Elf:3    | Identified the staff "Kaxzocu" {rPois rF+ Int+4 Fire}
 68698 | Vaults:5 | Entered Level 5 of the Vaults
 68882 | Vaults:5 | Reached skill level 19 in Fighting
 69101 | Vaults:5 | Identified the +2 battleaxe "Denaagoa" {protect, *Noise
                  | rC+++ rN+++ Int-2}
 71056 | Vaults:5 | Reached XP level 26. HP: 198/198 MP: 0/0
 71072 | Vaults:5 | Noticed an ancient lich
 71204 | Vaults:5 | Killed an ancient lich
 71296 | Vaults:5 | Was placed under penance by Elyvilon
 71579 | Vaults:5 | Identified the staff of the Pits of Slime {rPois rC+
                  | Poison}
 71752 | Vaults:5 | Identified the staff "Eshoopn" {+Blink rElec Will- rCorr
                  | Str+2 Air}
 71767 | Vaults:5 | Identified the staff of Pestilence {rElec rN+ MP+9 Str+3
                  | Dex+3 Necro}
 71993 | Vaults:5 | Got a silver rune of Zot
 72003 | Vaults:5 | Identified the +3 pair of gloves "Yvokid" {rF+ Slay+2}
 72506 | Zot:1    | Entered Level 1 of the Realm of Zot
 72877 | Zot:1    | Was forgiven by Elyvilon
 73185 | Zot:1    | Found Ongeicsa's CLEARANCE SALE!.
 73193 | Zot:1    | Bought a potion of heal wounds for 10 gold pieces
 73822 | Zot:2    | Upgraded the game from 0.31-a0-512-g28e415f to
                  | 0.31-a0-516-gfcb5981
 74101 | Zot:2    | Reached skill level 20 in Fighting
 74189 | Zot:2    | Noticed an orb of fire
 74217 | Zot:2    | Killed an orb of fire
 74357 | Zot:2    | Noticed an orb of fire
 74360 | Zot:2    | Gained mutation: You are very vulnerable to cold. (rC--)
                  | [an orb of fire]
 74366 | Zot:2    | Gained mutation: You occasionally shout uncontrollably at
                  | your foes. [an orb of fire]
 74369 | Zot:2    | Killed an orb of fire
 74582 | Zot:2    | Noticed a dread lich
 74848 | Zot:2    | Noticed a curse toe
 74858 | Zot:2    | Killed a curse toe
 74957 | Zot:3    | Noticed a curse toe
 75172 | Zot:2    | Was placed under penance by Elyvilon
 75352 | Zot:2    | Noticed an ancient lich
 75377 | Zot:2    | Killed an ancient lich
 75577 | Zot:2    | Killed a dread lich
 76436 | Zot:2    | Was forgiven by Elyvilon
 76819 | Zot:3    | Reached skill level 15 in Armour
 76889 | Zot:3    | Reached XP level 27. HP: 189/207 MP: 0/0
 76889 | Zot:3    | Learned a level 9 spell: Chain Lightning
 77027 | Zot:3    | Noticed a dread lich
 77038 | Zot:3    | Killed a dread lich
 77549 | Zot:3    | Reached skill level 21 in Fighting
 78935 | Zot:5    | Entered Level 5 of the Realm of Zot
 78936 | Zot:5    | Noticed a dread lich
 79225 | D:15     | Bought a +4 ring of slaying for 780 gold pieces
 80113 | Zot:5    | Killed a dread lich
 80144 | Zot:5    | Noticed a Killer Klown
 80153 | Zot:5    | Killed a Killer Klown
 80179 | Zot:5    | Noticed an orb of fire
 80202 | Zot:5    | Killed an orb of fire
 80293 | Zot:5    | Noticed an orb of fire
 80294 | Zot:5    | Gained mutation: You expend health (3 HP) to strengthen
                  | your wands. [an orb of fire]
 80306 | Zot:5    | Gained mutation: You occasionally lose the ability to drink
                  | potions when taking damage. [an orb of fire]
 80310 | Zot:5    | Gained mutation: You have a pair of small antennae on your
                  | head. [an orb of fire]
 80311 | Zot:5    | Gained mutation: You are dopey. (Int -2) [an orb of fire]
 80312 | Zot:5    | Killed an orb of fire
 80399 | Zot:5    | Lost mutation: You have a pair of small antennae on your
                  | head. [potion of mutation]
 80399 | Zot:5    | Lost mutation: You are dopey. (Int -2) [potion of mutation]
 80399 | Zot:5    | Lost mutation: You expend health (3 HP) to strengthen your
                  | wands. [potion of mutation]
 80399 | Zot:5    | Gained mutation: You have a pair of small horns on your
                  | head. [potion of mutation]
 80399 | Zot:5    | Gained mutation: You occasionally lose the ability to read
                  | scrolls when taking damage. [potion of mutation]
 80399 | Zot:5    | Gained mutation: You possess an exceptional clarity of
                  | mind. [potion of mutation]
 80399 | Zot:5    | Gained mutation: Your flesh is almost immune to the effects
                  | of heat. (rF+++) [potion of mutation]
 80400 | Zot:5    | Lost mutation: You occasionally shout uncontrollably at
                  | your foes. [potion of mutation]
 80400 | Zot:5    | Lost mutation: You occasionally lose the ability to read
                  | scrolls when taking damage. [potion of mutation]
 80400 | Zot:5    | Lost mutation: You have a pair of small horns on your head.
                  | [potion of mutation]
 80400 | Zot:5    | Lost mutation: Your flesh is almost immune to the effects
                  | of heat. (rF+++) [potion of mutation]
 80400 | Zot:5    | Gained mutation: You are partially covered in iridescent
                  | scales. (AC +2) [potion of mutation]
 80624 | Zot:5    | Reached skill level 15 in Invocations
 80925 | Zot:5    | Noticed a Killer Klown
 80965 | Zot:5    | Killed a Killer Klown
 80970 | Zot:5    | Noticed an orb of fire
 80984 | Zot:5    | Killed an orb of fire
 81125 | Zot:5    | Noticed a dread lich
 81151 | Zot:5    | Killed a dread lich
 81151 | Zot:5    | Noticed a Killer Klown
 81164 | Zot:5    | Killed a Killer Klown
 81307 | Zot:5    | Noticed an orb of fire
 81323 | Zot:5    | Killed an orb of fire
 81325 | Zot:5    | Noticed a Killer Klown
 81350 | Zot:5    | Killed a Killer Klown
 82396 | Zot:5    | Noticed a dread lich
 82482 | Zot:5    | Killed a dread lich
 82596 | Zot:5    | Noticed a dread lich
 82616 | Zot:5    | Killed a dread lich
 82933 | Zot:5    | Got the Orb of Zot
 83403 | D:$      | Escaped with the Orb!

Illustrated notes

Levels and vault maps discovered:
D:1:      lemuel_arrival_muddy, layout_basic, basic_ecumenical_altar
D:2:      layout_basic
D:3:      layout_basic, marbit_many_paths, hellmonk_ghost_happy_afterlife,
          serial_co_window_serial, co_window_of_opportunity_a,
          co_window_corner_a, co_window_of_opportunity_a,
          co_window_of_opportunity_a, co_window_of_opportunity_a,
          co_window_broadway_b, co_window_of_opportunity_b, co_window_corner_cb,
          co_window_paths_d, glass_columns_a, glass_columns_c, glass_columns_a,
          glass_columns_a, glass_columns_a, nicolae_twisty_statue_hallways
D:4:      layout_loops_corners, lightli_temple_of_fire, uniq_pikel, uniq_robin,
          uniq_blork_the_orc, uniq_grinder
D:5:      layout_gridville, mainiacjoe_overflow_paths,
          minmay_temple_entry_oklob, kennysheep_potato
D:6:      layout_loops_cross, nicolae_overflow_squiral, serial_shops, shop,
          nicolae_stop_n_shop_1, shop, shop, nicolae_shop_tiny_real_fake_doors,
          nrook_mini_vaults, nicolae_stop_n_shop_2
D:7:      layout_loops_ring, nicolae_wu_jian_wuxing_cycle, uniq_joseph
D:8:      layout_basic
D:9:      layout_cave_pools, lemuel_doored_altar, ebering_ghost_xom
D:10:     minmay_twisted_water, layout_rooms, nemelex_altar_shiori,
          wad_floor_pattern_1
D:11:     layout_loops_corners, erik_lair_orcish_takeover, orc_0_dummy,
          uniq_nergalle
D:12:     layout_irregular_city, enter_trove_1, hex_medium,
          kennysheep_generic_room_16
D:13:     layout_basic, erik_vaults_1, gammafunk_ghost_wrathful_warriors
D:14:     nzn_winding_woodlands_stair_cross [nzn_winding_woodlands_5x15_garden,
          nzn_winding_woodlands_center_triple_pond,
          nzn_winding_woodlands_5x15_sidewinder,
          nzn_winding_woodlands_5x5_default,
          nzn_winding_woodlands_5x5_checkerboard,
          nzn_winding_woodlands_5x15_eye, nzn_winding_woodlands_center_diamonds,
          nzn_winding_woodlands_5x15_pathside_ponds], layout_rooms, zin_statuary
D:15:     grunt_enter_depths_hoard, layout_irregular_city,
          minmay_misc_feat_room, serial_shops, shop, shop,
          nicolae_shop_behind_doors, minmay_misc_feat_diagonals,
          item_on_display_a, uniq_jorgrun, uniq_josephine
Temple:   minmay_temple_curvy_branch
Lair:1:   layout_roguey, hangedman_lair_unloving_vines, beast_lair_carwin_2
Lair:2:   layout_regular_city, guppyfry_snake_entry_island,
          infiniplex_staircase_pool_2
Lair:3:   layout_cave_shapes, skrybe_swamp_entry_bodies, uniq_gastronok,
          uniq_sonja, uniq_amaemon
Lair:4:   layout_cave_pods
Lair:5:   gammafunk_lair_ancient_temple, layout_loops_ring,
          dpeg_slime_entry_enclosed, basic_altar
Swamp:1:  layout_basic_swamp, ebering_ghost_inner_flame,
          hangedman_swamp_diagram, nicolae_swamp_small_spring
Swamp:2:  layout_basic_swamp, nicolae_swamp_dense_foliage,
          infiniplex_staircase_pool
Swamp:3:  nicolae_swamp_secret_spriggan_hideout, layout_basic_swamp,
          portal_ice_cave_entry_horrid_things, hangedman_swamp_cone,
          swamp_pool1, grunt_lady_of_the_lake, uniq_nikola
Swamp:4:  swamp_old_school, layout_basic_swamp
Snake:1:  layout_gridlike, uniq_louise
Snake:2:  layout_gridlike, grunt_megastairs_5
Snake:3:  layout_cave_town, gammafunk_ghost_grave, abandoned_shop,
          nicolae_snake_lava_pool, uniq_mlioglotl
Snake:4:  minmay_snake_end_coiled, layout_misc_corridors, guppyfry_snake_island
Orc:1:    layout_diamond_mine, nicolae_orc_rockfall
Orc:2:    st_orc_ogre_mass, layout_diamond_mine, uniq_maurice
Elf:1:    eino_elf_arrival_customs, layout_loops_cross, hellmonk_ghost_big_iron,
          minivault_28
Elf:2:    elven_hall_of_blades_hangedman_original [mumra_blade_entry_dagger],
          layout_geoelf_grid
Elf:3:    minmay_elf_hall, layout_loops_cross, kilobyte_rumbling_trees
Vaults:1: nicolae_vaults_circle_grid_b, hangedman_vaults_corner_blocks,
          v_misc_26, nicolae_vaults_tangram_1, vaults_room_octagon,
          vaults_standard_mumra_enter_the_diamond, v_alt_pattern_5,
          vaults_room_pool, v_alt_pattern_3, nicolae_vaults_asterisk,
          nicolae_vaults_three_branches, nicolae_vaults_apartment_2,
          vaults_room_ringed_pool, v_alt_pattern_1, layout_vaults_omnibox,
          serial_shops, shop, uniq_donald
Vaults:2: v_misc_25, minmay_crypt_entry_simple_sparse,
          nicolae_vaults_c_with_doors, nicolae_vaults_little_squares_6,
          nicolae_vaults_wine_cellar, nicolae_vaults_closet_pinwheel_1,
          nicolae_vaults_cochlea, nicolae_vaults_little_ls, v_pattern_1,
          vaults_mumra_chevron_long, v_misc_30, ontoclasm_vaults_chip,
          v_misc_29, layout_vaults_maze_bifur, serial_shops,
          nicolae_shop_advertising_works [nicolae_subvault_shop_adworks],
          uniq_jory
Vaults:3: nicolae_vaults_sealed_display, grunt_vaults_focal,
          nicolae_vaults_house_2, nicolae_vaults_house_1,
          nicolae_vaults_network_star, v_misc_14, vaults_room_large_hall,
          nicolae_vaults_house_1, nicolae_vaults_security_offices_3,
          nicolae_vaults_heist, layout_vaults_quadrants
Vaults:4: nicolae_vaults_diamond_1, nicolae_vaults_network_quincunx
          [nicolae_vaults_network_quincunx_subvault,
          nicolae_vaults_network_quincunx_subvault,
          nicolae_vaults_network_quincunx_subvault,
          nicolae_vaults_network_quincunx_subvault,
          nicolae_vaults_network_quincunx_subvault],
          nicolae_vaults_shipping_containers_7, ontoclasm_vaults_bender,
          vaults_room_door_hall, grunt_vaults_trifunnel,
          nicolae_vaults_frosty_reception, nicolae_vaults_little_squares_3,
          vaults_room_semicircle, layout_vaults_big_cross, serial_shops,
          nicolae_shop_overgrown_old_shop
Vaults:5
Depths:1: layout_roguey, minmay_misc_feat_five, pf_hell_entry_tar_spiral,
          hangedman_abyss_entry_splay, rand_demon_pan_entry_5,
          nicolae_water_bricks, grunt_ministairs_12, minmay_metal_thing,
          uniq_sojobo
Depths:2: mu_elephants_graveyard, layout_cave_shapes, rand_demon_pan_entry_7,
          abyss_entry_flame_altar, serial_shops, nicolae_stop_n_shop_2,
          kennysheep_little_box, nicolae_shop_bloodbath_and_beyond, shop,
          hell_entry, grunt_decor_fettered
Depths:3: minmay_the_grid_octo_tiled_octocenter [minmay_the_grid_octo_clover_2,
          minmay_the_grid_octo_thin_diamonds, minmay_the_grid_octo_checkered,
          minmay_the_grid_octo_toaster, minmay_the_grid_octo_prize_big_c,
          minmay_the_grid_square_5x5_two_walls_a, minmay_the_grid_square_5x5_v,
          minmay_the_grid_square_5x5_two, minmay_the_grid_square_5x5_bridge],
          layout_gridville, enter_ziggurat_b, minmay_misc_feat_doors,
          hangedman_coc_ice_floe, abyss_entry, hangedman_decor_slide_cut,
          chequers_serial_rivers_micro_a, infiniplex_staircase_diamond,
          uniq_margery
Depths:4: grunt_zot_entry_alcove, layout_twisted_cross, grunt_mini_vestibule,
          minmay_hidden_floor
Zot:1:    layout_basic, nicolae_shop_clearance
Zot:2:    hangedman_snap_crack_crunch, layout_onion
Zot:3:    layout_misc_corridors, lemuel_lich_library
Zot:4:    layout_misc_corridors
Zot:5:    layout_basic

Skill      XL: |  1  2  3  4  5  6  7  8  9 10 11 12 13 14 15 16 17 18 19 20 21 22 23 24 25 26 27 |
---------------+----------------------------------------------------------------------------------+-----
Spellcasting   | 3 4 5 6 7 8 11 13 15 17 18 | 18.4
Conjurations   | 3 4 5 6 7 8 11 13 15 17 18 | 18.4
Hexes          | 3 4 5 6 7 8 11 13 15 17 18 | 18.4
Summonings     | 3 4 5 6 7 8 11 13 15 17 18 | 18.4
Necromancy     | 3 4 5 6 7 8 11 13 15 17 18 | 18.4
Translocations | 3 4 5 6 7 8 11 13 15 17 18 | 18.4
Transmutations | 3 4 5 6 7 8 11 13 15 17 18 | 18.4
Fire Magic     | 3 4 5 6 7 8 11 13 15 17 18 | 18.4
Ice Magic      | 3 4 5 6 7 8 11 13 15 19 20 | 20.7
Air Magic      | 3 4 5 6 7 8 11 13 15 17 18 | 18.4
Earth Magic    | 3 4 5 6 7 8 11 13 15 17 18 | 18.4
Poison Magic   | 3 4 5 6 7 8 11 13 15 17 18 | 18.4
Invocations    | 5 8 9 10 12 17 | 17.8
Fighting       | 3 9 13 15 16 17 18 19 20 21 | 21.2
Dodging        | 6 8 10 11 13 14 15 | 15.0
Armour         | 5 6 9 10 11 13 15 | 15.8
Shields        | 4 8 |  8.0
Evocations     | 4 6 8 10 14 15 17 18 19 | 19.0
Long Blades    | 9 14 16 | 16.0
Stealth        | |  1.5

Action                     |  1- 3 |  4- 6 |  7- 9 | 10-12 | 13-15 | 16-18 | 19-21 | 22-24 | 25-27 || total
---------------------------+-------+-------+-------+-------+-------+-------+-------+-------+-------++-------
  Melee: Knife             |       |       |       |       |       |    11 |    31 |    64 |     3 ||   109
         Double sword      |       |       |       |       |       |       |       |   278 |   570 ||   848
         Staff             |       |       |       |       |       |       |       |    26 |    79 ||   105
         Flail             |       |       |       |       |       |       |       |       |    26 ||    26
   Fire: Sling             |     7 |    40 |    48 |    81 |    69 |       |       |       |       ||   245
  Throw: Stone             |       |       |       |       |    14 |    48 |    18 |       |       ||    80
         Dart              |       |       |       |       |       |       |     1 |     5 |     8 ||    14
   Cast: Magic Dart        |    56 |    98 |    11 |       |     1 |       |       |       |       ||   166
         Call Imp          |     3 |    10 |     1 |       |       |       |       |       |       ||    14
         Mephitic Cloud    |       |    11 |     2 |     7 |     9 |    10 |     2 |     1 |     1 ||    43
         Stone Arrow       |       |       |    88 |   256 |   324 |   786 |   734 |   210 |    28 ||  2426
         Slow              |       |       |     2 |     1 |       |       |       |       |       ||     3
         Olgreb's Toxic Ra |       |       |     4 |    61 |   157 |    55 |       |       |       ||   277
         Freezing Cloud    |       |       |       |       |    17 |    77 |    71 |    12 |     1 ||   178
         Dispersal         |       |       |       |       |     1 |       |       |       |       ||     1
         Monstrous Menager |       |       |       |       |       |       |   162 |   173 |   130 ||   465
         Cause Fear        |       |       |       |       |       |       |     1 |    15 |     4 ||    20
         Ozocubu's Refrige |       |       |       |       |       |       |     6 |   297 |   350 ||   653
         Summon Hydra      |       |       |       |       |       |       |       |    43 |   126 ||   169
 Invoke: Heal Self         |       |       |       |     2 |    12 |    10 |     1 |     6 |    12 ||    43
         Heal Other        |       |       |       |     1 |     9 |     1 |       |       |       ||    11
         Purification      |       |       |       |       |       |       |       |       |     1 ||     1
         Divine Vigour     |       |       |       |       |       |       |       |       |     1 ||     1
  Evoke: Wand              |       |       |       |       |       |    10 |     8 |     8 |    23 ||    49
         Box of beasts     |       |       |       |       |       |     2 |       |     2 |     1 ||     5
         Phantom mirror    |       |       |       |       |       |     2 |     2 |     1 |     1 ||     6
         Tin of tremorston |       |       |       |       |       |     2 |       |     1 |     1 ||     4
    Use: Scroll            |       |     3 |       |    10 |     3 |    14 |    13 |    15 |    10 ||    68
         Potion            |       |       |       |     3 |     1 |     1 |     2 |     3 |    17 ||    27
   Stab: Distracted        |       |       |       |       |       |     1 |     4 |    18 |     2 ||    25
         Paralysed         |       |       |       |       |       |       |     1 |     2 |     1 ||     4
         Confused          |       |       |       |       |       |       |       |     2 |       ||     2
 Armour: Robe              |     1 |    22 |    16 |    51 |       |       |       |       |       ||    90
         Troll leather arm |       |       |       |    11 |    55 |       |       |       |       ||    66
         Leather armour    |       |       |       |       |    12 |     1 |       |       |       ||    13
         Scale mail        |       |       |       |       |       |   259 |   198 |   310 |   434 ||  1201
         Skin              |       |       |       |       |       |       |       |       |     7 ||     7
  Dodge: Dodged            |     7 |    40 |    24 |    94 |   144 |   287 |   311 |   361 |   369 ||  1637
  Block: Buckler           |       |       |       |       |       |    29 |       |       |       ||    29
         Kite shield       |       |       |       |       |       |   107 |   280 |   288 |   351 ||  1026

Table legend: (Time is in decaauts)
 A = Elapsed time spent in this place.
 B = Non-inter-level travel time spent in this place.
 C = Inter-level travel time spent in this place.
 D = Time resting spent in this place.
 E = Time spent auto-exploring this place.
 F = Levels seen in this place.
 G = Mean time per level.
                   A        B        C        D        E       F      G
               +--------+--------+--------+--------+--------+-----+--------+
         Total |  83864 |  74765 |   9099 |      0 |  38796 |  50 | 1677.3 |
       Dungeon |  26429 |  22948 |   3481 |      0 |  13836 |  15 | 1761.9 |
        Temple |     80 |     34 |     46 |      0 |     23 |   1 |   80.0 |
          Lair |   6863 |   5914 |    949 |      0 |   4060 |   5 | 1372.6 |
         Swamp |   5008 |   4776 |    232 |      0 |   2444 |   4 | 1252.0 |
     Snake Pit |   5313 |   4853 |    460 |      0 |   2631 |   4 | 1328.2 |
  Orcish Mines |   2556 |   1840 |    716 |      0 |   1363 |   2 | 1278.0 |
   Elven Halls |   3975 |   3553 |    422 |      0 |   2306 |   3 | 1325.0 |
        Vaults |  10601 |   9593 |   1008 |      0 |   5530 |   5 | 2120.2 |
        Depths |  11908 |  10382 |   1526 |      0 |   3646 |   4 | 2977.0 |
           Zot |  10041 |   9785 |    256 |      0 |   2849 |   5 | 2008.2 |
         Trove |     86 |     86 |      0 |      0 |      0 |   1 |   86.0 |
      Ice Cave |    998 |    998 |      0 |      0 |    107 |   1 |  998.0 |
               +--------+--------+--------+--------+--------+-----+--------+

Top non-repeatable levels by time:
   Zot:5: 3537 daAuts
Depths:2: 3519 daAuts
Depths:3: 3207 daAuts
    D:10: 3058 daAuts
   Zot:2: 2984 daAuts
    D:11: 2896 daAuts
Vaults:5: 2823 daAuts
Depths:4: 2753 daAuts
Vaults:1: 2679 daAuts
    D:13: 2574 daAuts
    D:14: 2447 daAuts
Depths:1: 2427 daAuts
Vaults:3: 2405 daAuts
    D:15: 2388 daAuts
Vaults:4: 2212 daAuts
